 Dungeon Crawl Stone Soup version 0.30-b1-5-g8e6c1be481 (webtiles) character file.

Game seed: 8987191012060232722

161 tizbic2 the Insei (level 5, -7/41 HPs)
             Began as a Vampire Gladiator on May 4, 2023.
             Mangled by an orc warrior
             ... wielding a +0 mace
              (9 damage)
             ... on level 3 of the Dungeon.
             The game lasted 00:08:34 (1358 turns).

tizbic2 the Insei (Vampire Gladiator)               Turns: 1358, Time: 00:08:35

Health: -7/41      AC: 10    Str: 15    XL:     5   Next: 18%
Magic:  5/5        EV:  8    Int: 11    God:
Gold:   75         SH:  0    Dex: 15    Spells: 4/4 levels left

rFire   . . .        g - +0 halberd
rCold   . . .        (shield currently unavailable)
rNeg    . . .        f - +0 chain mail
rPois   .            b - +0 helmet
rElec   .            (no cloak)
rCorr   .            (no gloves)
SInv    +            p - +0 pair of boots
Will    .....        (no amulet) Stlth
                     (no ring)
HPRegen 0.46/turn    (no ring)
MPRegen 0.09/turn

%: no passive effects
@: healing quickly
A: alive, fangs 3, see invisible, vampiric 2
a: Exsanguinate


You were on level 3 of the Dungeon.
You visited 1 branch of the dungeon, and saw 3 of its levels.

You collected 75 gold pieces.

Inventory:

Hand Weapons
 g - a +0 halberd (weapon)
 m - a +0 war axe
 n - a +0 hand axe
 q - a +0 spear
Missiles
 c - 3 throwing nets
 d - 7 javelins
 h - 12 poisoned darts
 i - 5 boomerangs (quivered)
Armour
 a - a +0 leather armour
 b - a +0 helmet (worn)
 f - a +0 chain mail (worn)
 k - a +0 ring mail
 p - a +0 pair of boots (worn)
Scrolls
 e - a scroll of fear {unknown}
 j - 3 scrolls of teleportation {unknown}
 l - a scroll of identify {unknown}


   Skills:
 * Level 3.1 Fighting
 + Level 0.6 Axes
 + Level 2.2 Throwing
 + Level 0.5 Armour
 - Level 3.7 Dodging
 * Level 4.5 Unarmed Combat


You had 4 spell levels left.
You didn't know any spells.
Your spell library contained the following spells:

 Spells                   Type           Power      Damage    Failure   Level
 Frozen Ramparts          Ice            0%         1d1       100%        3
 Dispel Undead            Necr           0%         3d6       100%        4
 Ice Form                 Ice/Tmut       0%         N/A       100%        4
 Summon Ice Beast         Ice/Summ       0%         N/A       100%        4
 Infestation              Necr           0%         N/A       100%        8
 Borgnjor's Revivificati  Necr           Unusable   N/A       N/A         8

Dungeon Overview and Level Annotations

Branches:
Dungeon (3/15)

Altars:
Xom


Innate Abilities, Weirdness & Mutations

Your natural rate of healing is accelerated.
You have razor-sharp teeth.
You have supernaturally acute eyesight. (SInv)
You are afflicted with vampirism and can become a bat while bloodless.


Message History

Items here: )) ††.
There is an open door, spattered with blood here.
There is an open door here.
You open the door.
There is an open door here.
You open the door.
There is an open door here.
You open the door.
An orc warrior comes into view. It is wielding a +0 mace.
The orc warrior shouts!
You close the door.
An orc warrior opens the door.
The orc warrior hits you with a +0 mace!
There is an open door here.
You barely miss the orc warrior.
The orc warrior hits you with a +0 mace.
You barely miss the orc warrior.
The orc warrior hits you with a +0 mace!
The orc warrior hits you but does no damage.
You hit the orc warrior but do no damage.
The orc warrior hits you with a +0 mace.
You hit the orc warrior but do no damage.
The orc warrior barely misses you.
The orc warrior hits you with a +0 mace.
* * * LOW HITPOINT WARNING * * *
You barely miss the orc warrior.
You bite the orc warrior, but do no damage.
The orc warrior hits you with a +0 mace.
* * * LOW HITPOINT WARNING * * *
You slash the orc warrior!
The orc warrior is moderately wounded.
The orc warrior hits you but does no damage.
The orc warrior closely misses you.
You barely miss the orc warrior.
The orc warrior is moderately wounded.
The orc warrior hits you with a +0 mace.
* * * LOW HITPOINT WARNING * * *
You barely miss the orc warrior.
The orc warrior is moderately wounded.
The orc warrior hits you with a +0 mace!
You die...

##++## #######
###....#######..#..#
..'....'.....'..@o.#
###....#######..#..#
###''''#### #######
...........
~~~....~~~≈
≈≈≈....~≈≈≈~
≈~~....~~~~~
.†)†........
##.#.######


You could see an orc warrior.

Vanquished Creatures
  Jessica (D:2)
  An orc wizard (D:3)
  2 gnolls (D:3)
  3 adders
  A worm (D:2)
  4 orcs (D:3)
  5 endoplasms
  A giant cockroach (D:1)
  7 goblins
  2 hobgoblins (D:1)
  8 jackals
  A kobold (D:2)
  5 quokkas
  6 ball pythons
  3 bats
  2 frilled lizards (D:2)
  5 rats
57 creatures vanquished.

Notes
Turn   | Place    | Note
-------+----------+-------------------------------------------
     0 | D:1      | tizbic2 the Vampire Gladiator began the quest for the Orb.
     0 | D:1      | Reached XP level 1. HP: 16/16 MP: 1/1
   152 | D:1      | Reached XP level 2. HP: 22/22 MP: 2/2
   605 | D:2      | Noticed Jessica
   610 | D:2      | Killed Jessica
   611 | D:2      | Gained mutation: You are afflicted with vampirism and can
                  | become a bat while bloodless. [Vampire growth]
   611 | D:2      | Reached XP level 3. HP: 9/28 MP: 3/3
   614 | D:2      | Reached skill level 4 in Unarmed Combat
   699 | D:2      | Got the Dissertation on Gloom
   938 | D:2      | Reached XP level 4. HP: 33/34 MP: 4/4
  1211 | D:3      | Found a shimmering altar of Xom.
  1315 | D:3      | Reached XP level 5. HP: 39/41 MP: 5/5
  1348 | D:3      | Noticed an orc warrior
  1357 | D:3      | HP: 1/41 [orc warrior/+0 mace (5)]
  1358 | D:3      | Mangled by an orc warrior

Illustrated notes

Levels and vault maps discovered:
D:1:      erik_arrival_blinker_ship, layout_basic
D:2:      layout_basic, minmay_quadrilaterals, uniq_jessica
D:3:      lemuel_castle_with_subvaults [lemuel_castle_interior_original],
          layout_loops_corners, mainiacjoe_overflow_cross_hatched,
          shapermc_ecumenical_altar_mp_ritualfount, serial_shops,
          nicolae_shop_crystal

Skill      XL: |  1  2  3  4 |
---------------+-------------+-----
Fighting       | 2 3 |  3.1
Throwing       | 2 |  2.2
Unarmed Combat | 4 |  4.5
Axes           | |  0.6
Armour         | |  0.5
Dodging        | |  3.7

Action                     |  1- 3 |  4- 6 || total
---------------------------+-------+-------++-------
  Melee: Dagger            |    80 |       ||    80
         Unarmed           |     5 |       ||     5
         Bite              |    11 |     8 ||    19
         Punch             |     3 |     2 ||     5
         Club              |    45 |       ||    45
         War axe           |    17 |    20 ||    37
         Hand axe          |     9 |    31 ||    40
         Spear             |       |     5 ||     5
         Halberd           |       |     8 ||     8
  Throw: Boomerang         |     6 |       ||     6
         Javelin           |     1 |       ||     1
    Use: Potion            |       |     2 ||     2
 Armour: Leather armour    |    25 |       ||    25
         Ring mail         |    31 |     6 ||    37
         Chain mail        |       |    66 ||    66
  Dodge: Dodged            |   126 |    53 ||   179
